Map: [TLMC19] Twilight Imperium

Players

LiquidClem (Clem) - Winner!

  • Race: Terran Terran
  • League: Grandmaster
  • Spawn Location: 11:00

BlyOnFire (Bly)

  • Race: Zerg Zerg
  • Spawn Location: 1:00

VOD

Have the link to the VOD?

Description

Time

  • Played on: Dec. 23, 2023, 10:15 a.m.
  • Length: 10:32
Show
View Real Time Build Order
Export as new Build Order

LiquidClem Terran - Winner!

Build Orders: Reaper Expand 

Get SALT Encoding   

  12  0:00  SCV  
  13  0:13  SCV  
  14  0:17  Supply Depot  
  14  0:25  SCV  
  15  0:38  SCV  
  15  0:42  Barracks  
  16  0:45  Refinery  
  16  0:50  SCV  
  17  1:02  SCV  
  18  1:15  SCV  
  19  1:29  Orbital Command  
  19  1:30  Reaper  
  20  1:39  Command Center  
  20  1:51  Barracks  
  20  1:54  SCV  
  20  1:59  Supply Depot  
  21  2:03  Barracks Reactor  
  21  2:07  SCV  
  22  2:12  Refinery  
  22  2:19  SCV  
  23  2:23  Factory  
  23  2:31  SCV  
  24  2:40  Barracks Tech Lab  
  24  2:41  Marine x2  
  24  2:44  SCV  
  27  2:51  Orbital Command  
  27  2:56  SCV  
  28  2:58  Marine  
  28  2:59  Marine  
  28  3:01  Stimpack  
  28  3:04  Marine  
  31  3:10  SCV  
  32  3:16  Starport, Marine  
  32  3:18  SCV  
  34  3:22  SCV, Marine  
  34  3:24  Marine  
  37  3:29  Factory Reactor  
  37  3:32  SCV  
  38  3:34  Marine  
  38  3:35  SCV  
  38  3:37  Supply Depot  
  38  3:40  Marine  
  41  3:42  Marine  
  41  3:44  SCV  
  43  3:49  SCV  
  43  3:52  Marine  
  45  3:56  SCV  
  45  3:59  Marine  
  45  4:00  Marine  
  45  4:01  Supply Depot  
  45  4:02  SCV  
  49  4:08  SCV  
  50  4:10  Medivac x2  
  50  4:13  Supply Depot  
  54  4:23  SCV x2, Marine x3  
  61  4:24  Widow Mine  
  61  4:35  SCV x2  
  62  4:40  Marine, Medivac  
  62  4:41  Supply Depot, Combat Shield, Marine  
  62  4:43  Marine, Engineering Bay  
  67  4:46  Refinery  
  67  4:47  SCV  
  67  4:50  SCV  
  69  4:55  Barracks  
  69  4:58  Marine  
  69  4:59  SCV  
  70  5:02  Supply Depot, SCV, Marine x2  
  70  5:04  Supply Depot  
  73  5:11  SCV, Refinery  
  73  5:12  Missile Turret  
  73  5:13  Missile Turret  
  74  5:15  Factory Tech Lab  
  74  5:18  Marine  
  76  5:22  Marine x2  
  76  5:23  SCV  
  76  5:25  Terran Infantry Weapons Level 1  
  78  5:31  SCV  
  78  5:35  Siege Tank, Marine  
  82  5:38  Supply Depot, Bunker  
  82  5:40  SCV  
  84  5:45  Barracks Reactor  
  84  5:46  Medivac  
  84  5:49  Supply Depot  
  86  5:53  Marine  
  86  5:56  Medivac  
  86  5:59  Marine  
  86  6:01  SCV  
  74  6:04  SCV  
  74  6:05  Marine  
  74  6:09  Siege Tank  
  74  6:11  Marine  
  68  6:13  SCV  
  68  6:16  SCV  
  68  6:17  Marine  
  66  6:23  Marine x2  
  66  6:25  SCV, Marine  
  67  6:28  Marine  
  67  6:31  SCV  
  69  6:35  Marine  
  69  6:37  SCV  
  71  6:41  Marine  
  71  6:43  Marine  
  71  6:44  SCV  
  74  6:48  Siege Tank  
  74  6:49  SCV  
  74  6:50  Marine x2  
  74  6:53  Marine  
  81  6:56  SCV  
  81  6:59  Marine  
  83  7:03  SCV  
  83  7:04  Supply Depot  
  83  7:07  Medivac  
  86  7:10  SCV, Marine  
  86  7:11  Marine x2  
  86  7:13  Marine  
  91  7:17  Marine  
  92  7:28  Siege Tank, Marine x2  
  92  7:29  Marine  
  96  7:32  SCV  
  96  7:34  SCV  
  96  7:35  Marine x2  
  96  7:44  SCV  
  96  7:45  Marine  
  96  7:46  SCV, Marine  
  96  7:47  Marine  
  96  7:48  Supply Depot  
  96  7:51  Terran Infantry Armor Level 1  
  96  7:53  Marine  
  96  7:56  SCV  
  93  7:58  SCV  
  89  8:06  Siege Tank, Marine  
  89  8:07  Marine x2  
  89  8:08  Marine  
  89  8:10  SCV  
  89  8:11  SCV  
  98  8:16  Supply Depot  
  98  8:17  Marine  
  99  8:22  SCV  
  99  8:23  SCV  
  99  8:24  Marine x2  
  103  8:30  Marine  
  103  8:31  Marine  
  106  8:34  SCV  
  106  8:35  SCV, Marine  
  106  8:38  Medivac x2  
  112  8:41  Supply Depot  
  112  8:42  Marine  
  112  8:51  Siege Tank  
  112  8:52  Marine  
  116  8:56  Marine x2  
  118  9:03  Supply Depot, SCV, Marine  
  118  9:04  Supply Depot  
  118  9:05  SCV, Marine  
  122  9:10  Supply Depot  
  122  9:14  Medivac  
  79  9:17  Medivac  
  124  9:23  Marine  
  127  9:25  Supply Depot  
  127  9:28  Siege Tank  
  130  9:34  Marine  
  130  9:35  Supply Depot  
  130  9:36  Marine  
  132  9:39  Marine  
  134  9:47  Medivac  
  134  9:51  Supply Depot, Marine  
  135  9:52  Marine  
  135  9:53  Marine  
  135  9:56  Medivac  
  135  9:57  Marine  
  140  10:00  Marine  
  141  10:09  Marine  
Show
View Real Time Build Order
Export as new Build Order

BlyOnFire Zerg 

Build Orders: Hatch First, Roach Nydus 

Get SALT Encoding   

  12  0:00  Drone  
  13  0:09  Drone  
  14  0:36  Hatchery  
  14  0:40  Drone  
  14  0:46  Extractor  
  14  0:47  Drone  
  14  1:00  Spawning Pool  
  14  1:03  Drone  
  14  1:11  Overlord  
  14  1:30  Drone x3  
  17  1:53  Queen  
  19  2:04  Queen  
  21  2:10  Drone  
  21  2:11  Drone  
  23  2:18  Drone x3  
  23  2:21  Drone  
  27  2:30  Overlord  
  27  2:40  Drone  
  28  2:47  Metabolic Boost  
  28  2:49  Lair  
  28  2:54  Drone x4  
  28  2:55  Drone x2  
  34  3:06  Overlord  
  34  3:12  Extractor  
  33  3:15  Hatchery  
  33  3:17  Drone x2  
  33  3:18  Drone  
  35  3:21  Drone  
  35  3:26  Drone x3  
  39  3:29  Overlord  
  39  3:38  Extractor  
  39  3:40  Extractor  
  36  3:50  Roach Warren  
  36  3:53  Zergling x10, Nydus Network  
  39  3:55  Drone  
  39  3:56  Drone  
  39  3:57  Drone  
  39  4:01  Overlord  
  42  4:06  Overlord  
  42  4:13  Overlord  
  42  4:17  Overlord  
  42  4:25  Drone x4  
  46  4:32  Roach x5  
  46  4:37  Glial Reconstitution  
  56  4:46  Roach  
  56  4:47  Roach x2  
  62  4:59  Roach x5  
  72  5:08  Roach x4  
  72  5:13  Overlord  
  80  5:22  Nydus Canal  
  80  5:25  Roach x4  
  88  5:34  Roach x3  
  94  5:37  Nydus Canal  
  94  5:41  Overlord  
  94  5:45  Overlord  
  94  5:52  Nydus Canal  
  94  5:56  Roach x2  
  86  6:11  Roach x7  
  86  6:17  Roach x3  
  74  6:26  Roach x3  
  80  6:39  Nydus Canal  
  80  6:41  Tunneling Claws  
  80  6:42  Burrow  
  80  6:43  Roach x3  
  86  6:51  Roach  
  86  6:52  Roach x2  
  92  7:01  Drone x5  
  97  7:03  Nydus Canal  
  97  7:10  Overlord  
  97  7:15  Overlord  
  91  7:23  Nydus Canal  
  91  7:28  Roach  
  69  7:41  Roach x5  
  77  7:51  Roach x3  
  65  8:05  Roach x3  
  58  8:16  Roach x9  
  58  8:19  Nydus Canal  
  58  8:23  Drone x5  
  58  8:24  Roach x7  
  57  8:45  Drone x5  
  57  8:47  Extractor  
  57  8:48  Extractor, Infestation Pit  
  47  9:03  Queen x2  
  47  9:05  Roach x4  
  59  9:17  Roach  
  59  9:24  Roach x4  
  67  9:26  Roach  
  69  9:43  Roach x3  
  72  9:48  Roach x17  
  72  9:50  Roach  
  72  9:55  Roach x2  
  76  10:03  Roach x2  
Tags
 
Add a new tag
Caveats
  • Supply blocks, unpowered buildings, or Contaminate may cause inaccurate times.
  • Supply counts are checked every 10 seconds.